AoeStats
← Pwncakes

African Clearing

506259171Analyzed
4v4 RM · 21d ago on Sep 12, 2026· 25m 55s· 8 players
Game mode
Random Map
Map size
Large (8 player)
Population
200
Speed
Normal
Resources
Standard
Victory
Conquest
Starting age
Dark Age
Ending age
Imperial Age
RankedLock teamsTeams togetherTeam positionsShared explorationLock speedFull tech treeHidden civsTurbo modeCheats
Victory
Defeat
🇺🇸 Spanish · United States
1520
+9
🇺🇾 Berbers · Uruguay
1388
+13
🇦🇷 Britons · Argentina
1354
+15
🇺🇾 Persians · Uruguay
1293
+18
🇲🇽 Khitans · Mexico
1365
-15
🇲🇽 Persians · Mexico
1365
-15
🇺🇸 Magyars · United States
1334
-14
🇲🇽 Tupi · Mexico
1260
-11
bigapple334
3:27 Loom
14:01 Feudal Age
14:16 Man-at-Arms
15:24 Arson
15:40 Double-Bit Axe
22:50 Castle Age
22:11 Fletching
23:16 Gold Mining
24:43 Padded Archer Armor
24:59 Bow Saw
25:59 Wheelbarrow
25:09 Elite Skirmisher
26:05 Bodkin Arrow
26:02 Horse Collar
Peruano de élite
9:26 Loom
11:38 Feudal Age
13:09 Double-Bit Axe
17:33 Wheelbarrow
23:11 Castle Age
22:08 Forging
23:01 Scale Barding Armor
23:29 Horse Collar
23:17 Light Cavalry
26:10 Husbandry
26:21 Bloodlines
26:37 Chain Barding Armor
Chelo09
10:56 Loom
13:27 Feudal Age
17:54 Fletching
19:09 Padded Archer Armor
AML4554
8:15 Loom
13:47 Feudal Age
17:51 Castle Age
16:16 Double-Bit Axe
18:51 Bow Saw
18:34 Fishing Lines
23:08 Padded Archer Armor
:) YO30830
3:47 Loom
13:45 Feudal Age
15:44 Double-Bit Axe
18:10 Fletching
Ux'Serenata
12:58 Feudal Age
17:38 Castle Age
18:49 Wheelbarrow
22:39 Town Watch
Pwncakes
10:53 Loom
13:42 Feudal Age
:) Tu tu ruuuu
3:27 Loom
15:10 Feudal Age
17:23 Gold Mining
17:18 Double-Bit Axe
17:16 Horse Collar
20:59 Castle Age
19:26 Stone Mining
19:35 Fletching
20:22 Padded Archer Armor
21:37 Bodkin Arrow
21:55 Bow Saw
Connection lost

Rejoining the realm…

Still unreachable

The connection could not be restored.

Session expired

The server has moved on; the page needs a fresh start.